[Event "December 12 Early 2023"]
[Site "https://www.chess.com"]
[Date "2023.12.12"]
[Round "4"]
[White "Mikaelyan, Arman"]
[Black "Spata, German"]
[Result "1-0"]
[Board "27"]
[TimeControl "180+1"]
[WhiteFideId "13304852"]
[BlackFideId "113026"]
[WhiteElo "2863"]
[BlackElo "2610"]
[WhiteTeam "ARM"]
[BlackTeam "ARG"]
[WhiteClock "0:00:10"]
[BlackClock "0:00:00"]

1. d4 e6 2. c4 Nf6 3. Nf3 b6 4. a3 Bb7 5. Nc3 Ne4 6. Nxe4 Bxe4 7. Nd2 Bb7 8. e4 Be7 9. Be2 O-O 10. O-O d6 11. b4 c5 12. Bb2 cxd4 13. Bxd4 Nd7 14. f4 Bf6 15. Bxf6 Nxf6 16. Bf3 Qc7 17. Qe2 Rac8 18. Rac1 Rfd8 19. Kh1 Qb8 20. e5 Ne8 21. Bxb7 Qxb7 22. Ne4 h6 23. h3 Qc7 24. Ng3 d5 25. c5 bxc5 26. Rxc5 Qb7 27. Rfc1 Rxc5 28. Rxc5 Rc8 29. Qc2 Rc7 30. Ne2 Qb6 31. Nd4 g6 32. Kh2 h5 33. Qa4 Ng7 34. Rxc7 Qxc7 35. Qc6 Qb8 36. b5 Qd8 37. g3 Qa5 38. Nf3 Nf5 39. g4 hxg4 40. hxg4 Qxa3 41. gxf5 Qxf3 42. Qe8+ Kg7 43. f6+ Kh7 44. Qxf7+ Kh6 45. Qg7+ Kh5 46. Qh7+ Kg4 47. Qxg6+ Kxf4 48. f7 Qf2+ 49. Qg2 Qh4+ 50. Kg1 Qe7 51. f8=Q+ Qxf8 52. Qf2+ 1-0

[Event "December 12 Early 2023"]
[Site "https://www.chess.com"]
[Date "2023.12.12"]
[Round "4"]
[White "Guliev, Logman"]
[Black "Khripachenko, Alexander"]
[Result "0-1"]
[Board "28"]
[TimeControl "180+1"]
[WhiteFideId "13400061"]
[BlackFideId "54184975"]
[WhiteElo "2594"]
[BlackElo "2802"]
[WhiteTeam "AZE"]
[BlackTeam "FID"]
[WhiteClock "0:00:00"]
[BlackClock "0:01:06"]

1. e4 c5 2. Nf3 e6 3. d4 cxd4 4. Nxd4 Nc6 5. Nxc6 bxc6 6. Bd3 d5 7. O-O Bd6 8. Re1 Ne7 9. c4 O-O 10. Nc3 d4 11. e5 Bc7 12. Ne4 Nf5 13. Ng3 Re8 14. Nxf5 exf5 15. f4 c5 16. Qf3 Rb8 17. b3 a5 18. Ba3 Bb6 19. Rad1 Be6 20. Kh1 Qd7 21. h3 a4 22. b4 cxb4 23. Bxb4 Rec8 24. Rc1 Bc5 25. Bxc5 Rxc5 26. Rb1 Rbc8 27. Rec1 g6 28. Rb7 Qd8 29. Qe2 Bxc4 30. Rxc4 Qd5 31. Rxc5 Rxc5 32. Rb8+ Kg7 33. Kh2 Rc3 34. Rb2 h5 35. Rc2 Qc5 36. Rxc3 dxc3 37. Bc2 Qd4 38. Qf3 h4 39. Bd3 a3 40. Qe2 Qxf4+ 41. Kh1 Kf8 42. e6 Qc1+ 43. Kh2 Qf4+ 44. Kg1 fxe6 45. Kh1 Ke7 46. Bc2 Qd2 47. Qd3 Qe1+ 48. Kh2 g5 49. Qf3 Kf6 50. Qd3 Ke7 51. Qf3 Kf6 52. Qd3 Qd2 0-1

[Event "December 12 Early 2023"]
[Site "https://www.chess.com"]
[Date "2023.12.12"]
[Round "4"]
[White "Cordoba Roa, Angel Gabriel"]
[Black "Wagh Suyog"]
[Result "0-1"]
[Board "29"]
[TimeControl "180+1"]
[WhiteFideId "3957624"]
[BlackFideId "25071688"]
[WhiteElo "2572"]
[BlackElo "2786"]
[WhiteTeam "COL"]
[BlackTeam "IND"]
[WhiteClock "0:00:07"]
[BlackClock "0:00:14"]

1. e4 c5 2. Nf3 d6 3. Bb5+ Nd7 4. a4 Nf6 5. Nc3 g6 6. a5 a6 7. Bc4 b6 8. Bxf7+ Kxf7 9. Ng5+ Kg8 10. Ne6 Qe8 11. Nc7 Qd8 12. Nxa8 bxa5 13. Nd5 Nxd5 14. exd5 Bb7 15. Qe2 Bxd5 16. Qxa6 Qxa8 17. Qxa8 Bxa8 18. O-O Bg7 19. Rxa5 Kf7 20. b3 Nb6 21. Re1 Nd5 22. Ra7 Re8 23. Ba3 Nf4 24. f3 Bd5 25. c4 Bd4+ 26. Kf1 Be6 27. Re4 g5 28. g3 Ng6 29. Kg2 Bf5 30. Rxd4 cxd4 31. Bxd6 Kf6 32. Bc7 Bd3 33. c5 Ke6 34. b4 Kd5 35. Ba5 h5 36. h3 g4 37. hxg4 hxg4 38. fxg4 Ne5 39. Rc7 Be4+ 40. Kf1 Rf8+ 41. Ke1 Nd3+ 42. Kd1 Rf1+ 43. Kc2 Kc4 0-1

[Event "December 12 Early 2023"]
[Site "https://www.chess.com"]
[Date "2023.12.12"]
[Round "4"]
[White "Kosteniuk, Alexandra"]
[Black "Matveeva, Olga"]
[Result "1/2-1/2"]
[Board "30"]
[TimeControl "180+1"]
[WhiteFideId "4128125"]
[BlackFideId "24107018"]
[WhiteElo "2729"]
[BlackElo "2417"]
[WhiteTeam "SUI"]
[BlackTeam "RUS"]
[WhiteClock "0:00:14"]
[BlackClock "0:00:06"]

1. e4 c6 2. Nf3 d5 3. Nc3 dxe4 4. Nxe4 Nf6 5. Qe2 Nxe4 6. Qxe4 Nd7 7. d4 Nf6 8. Qd3 Bg4 9. Be2 e6 10. Bd2 Be7 11. h3 Bf5 12. Qb3 Qb6 13. O-O-O Qxb3 14. axb3 h5 15. Ne5 h4 16. Nc4 O-O-O 17. Ba5 Rd5 18. Bc3 Ne4 19. Rhf1 Nxc3 20. bxc3 Be4 21. f3 Bh7 22. Ne3 Rd7 23. Kb2 Rhd8 24. Ra1 a6 25. Ra5 Bg6 26. Rfa1 Kc7 27. Nc4 Bf6 28. Re1 Rd5 29. Raa1 c5 30. Ne3 Rxd4 31. cxd4 Bxd4+ 32. c3 Bxe3 33. Rad1 Rxd1 34. Bxd1 Bf4 35. Bc2 Bxc2 36. Kxc2 Kc6 37. Rd1 Bd6 38. Kd3 f5 39. Kc2 g5 40. c4 Bc7 41. Re1 Kd7 42. Rd1+ Kc6 43. Kd3 Bd6 44. Ke2 Bc7 45. Rd3 Bd6 46. Re3 Kd7 47. Kd3 Bf4 48. Re2 Bg3 49. Ra2 Bf4 50. Ra1 Be5 51. Re1 Bf4 52. Rd1 Kc6 53. Kc2 Bd6 54. Kd3 Bf4 55. Ke2 Bd6 56. Rd3 Kc7 57. Rd1 Kc6 58. Rc1 Kc7 59. Rc3 Kc6 60. Re3 Kd7 61. Rd3 Kc6 62. Kd2 Kc7 63. Kc3 Kc6 64. Re3 Kd7 65. Re1 Bf4 66. b4 cxb4+ 67. Kb3 a5 68. Ka4 b6 69. Re2 Kd6 70. Kb5 b3 71. Rb2 Be3 72. Rxb3 Bc5 73. Rb2 Ke5 74. Re2+ Kf6 75. Kc6 a4 76. Kd7 a3 77. Rxe6+ Kf7 78. Re2 Kf6 79. Kc6 Kf7 80. Kd5 Kf6 81. Re6+ Kf7 82. Re2 Kf6 83. Ra2 f4 84. Ke4 Ke6 85. Rd2 Bb4 86. Rd8 Bc5 87. Ra8 Bb4 88. Ra7 Bc5 89. Ra4 Kd6 90. Kd3 Ke5 91. Ra8 Kf5 92. Ra6 Ke5 93. Ra8 Kf5 94. Ra4 Ke5 95. Ra6 Kf5 96. Kc2 Ke5 97. Kd3 Kf5 98. Ra7 Ke5 99. Ra8 1/2-1/2

[Event "December 12 Early 2023"]
[Site "https://www.chess.com"]
[Date "2023.12.12"]
[Round "4"]
[White "Santos, Rafael Ventura Dos"]
[Black "Kourkoulos-Arditis, Stamatis"]
[Result "1/2-1/2"]
[Board "31"]
[TimeControl "180+1"]
[WhiteFideId "2122227"]
[BlackFideId "4221990"]
[WhiteElo "2292"]
[BlackElo "2715"]
[WhiteTeam "BRA"]
[BlackTeam "GRE"]
[WhiteClock "0:00:40"]
[BlackClock "0:00:04"]

1. e4 c5 2. c4 Nc6 3. Ne2 g6 4. d4 cxd4 5. Nxd4 Bg7 6. Be3 Nf6 7. Nc3 O-O 8. f3 d6 9. Qd2 Bd7 10. Rc1 Qa5 11. b3 Rfc8 12. g3 a6 13. Nxc6 Bxc6 14. Nd5 Qxd2+ 15. Kxd2 Bxd5 16. cxd5 Nd7 17. Bh3 f5 18. exf5 Ne5 19. Rxc8+ Rxc8 20. f6 Nxf3+ 21. Ke2 Rc2+ 22. Kxf3 Bxf6 23. Be6+ Kg7 24. Rc1 Rxa2 25. Rc8 h5 26. h4 Rb2 27. Bf4 Rxb3+ 28. Ke2 a5 29. Ra8 b6 30. Ra6 Rb4 31. Be3 a4 32. Rxb6 Rb3 33. Rxb3 axb3 34. Kd2 Be5 35. Bf4 Bb2 36. Bd7 Kf6 37. Ba4 Be5 38. Ke3 b2 39. Bc2 Bc3 40. Kd3 Be5 41. Ke4 Bc3 42. Bg5+ Kf7 43. Kd3 Be5 44. Bf4 Kf6 45. Ke4 Bc3 46. Bb1 Kf7 47. Bg5 Bg7 48. Kf3 Bc3 49. Be3 Be5 50. Bd2 Kf6 51. g4 hxg4+ 52. Kxg4 Bd4 53. Bf4 Kf7 54. Bg5 Bc3 55. Kf3 Bd4 56. Ke2 Bg7 57. Kd3 e6 58. Ke4 exd5+ 59. Kxd5 Be5 60. Kc4 Kg7 61. Kb3 Kf7 62. Ka2 Kg7 63. Be4 Kf7 64. Kb1 Kg7 65. Bd5 Bf6 66. Bxf6+ Kxf6 67. Kxb2 g5 68. hxg5+ Kxg5 69. Bb3 d5 70. Bxd5 1/2-1/2

[Event "December 12 Early 2023"]
[Site "https://www.chess.com"]
[Date "2023.12.12"]
[Round "4"]
[White "Gruzman, Ilya"]
[Black "Nepomniachtchi, Ian"]
[Result "0-1"]
[Board "32"]
[TimeControl "180+1"]
[WhiteFideId "2812703"]
[BlackFideId "4168119"]
[WhiteElo "2372"]
[BlackElo "3100"]
[WhiteTeam "ISR"]
[BlackTeam "RUS"]
[WhiteClock "0:00:00"]
[BlackClock "0:02:00"]

1. d4 Nf6 2. c4 g6 3. Nc3 d5 4. cxd5 Nxd5 5. e4 Nxc3 6. bxc3 Bg7 7. Bc4 c5 8. Ne2 Nc6 9. Be3 O-O 10. O-O e6 11. Qd2 b6 12. Rad1 Bb7 13. f3 Qe7 14. Bb3 Rfd8 15. Qe1 Rac8 16. Qf2 cxd4 17. cxd4 Na5 18. Ng3 Nxb3 19. axb3 Rc3 20. b4 Qxb4 21. Kh1 Qc4 22. Rfe1 b5 23. d5 exd5 24. exd5 Rc2 25. Qg1 Rxd5 26. Bxa7 Rxd1 27. Rxd1 Bf6 28. Be3 h5 29. Re1 b4 30. Ne4 Bxe4 31. fxe4 b3 32. Bh6 b2 33. e5 Bg7 34. Bg5 Qd5 35. Bf6 Bxf6 36. exf6 Qc6 37. h3 Rc1 38. Qe3 Rxe1+ 39. Qxe1 Qc1 0-1

[Event "December 12 Early 2023"]
[Site "https://www.chess.com"]
[Date "2023.12.12"]
[Round "4"]
[White "Novikov, Evgenij"]
[Black "Pranav, V"]
[Result "0-1"]
[Board "33"]
[TimeControl "180+1"]
[WhiteFideId "4125380"]
[BlackFideId "25060783"]
[WhiteElo "2609"]
[BlackElo "3055"]
[WhiteTeam "RUS"]
[BlackTeam "IND"]
[WhiteClock "0:00:00"]
[BlackClock "0:00:18"]

1. d4 Nf6 2. c4 g6 3. Nc3 Bg7 4. e4 d6 5. Be2 O-O 6. Nf3 Nbd7 7. O-O e5 8. d5 Nc5 9. Qc2 a5 10. Bg5 h6 11. Be3 b6 12. Ne1 Nh7 13. Nd3 f5 14. Nxc5 bxc5 15. exf5 gxf5 16. f3 Qf6 17. Kh1 Bd7 18. Nb5 Bxb5 19. cxb5 Kh8 20. Rab1 Rf7 21. a3 Nf8 22. b4 axb4 23. axb4 cxb4 24. Rxb4 Ng6 25. b6 cxb6 26. Rxb6 Ne7 27. Qb3 Kh7 28. g4 Ra5 29. Rb5 Rxb5 30. Qxb5 Qh4 31. Qd3 e4 32. fxe4 Be5 33. Bg1 f4 34. Bd1 Ng6 35. h3 Rb7 36. Bf3 Qe7 37. Bd4 Bxd4 38. Qxd4 Ne5 39. Bg2 Qf6 40. Qd2 f3 41. Kg1 Rf7 42. Qe3 Qh4 43. Bxf3 Qg3+ 44. Kh1 Qxh3+ 45. Kg1 Nxf3+ 46. Kf2 Nd4+ 0-1

[Event "December 12 Early 2023"]
[Site "https://www.chess.com"]
[Date "2023.12.12"]
[Round "4"]
[White "Duda, Jan-Krzysztof"]
[Black "NikaVolkov"]
[Result "1-0"]
[Board "34"]
[TimeControl "180+1"]
[WhiteFideId "1170546"]
[WhiteElo "3048"]
[BlackElo "2608"]
[WhiteTeam "POL"]
[WhiteClock "0:01:59"]
[BlackClock "0:00:05"]

1. g3 d5 2. Bg2 e6 3. f4 b5 4. Nf3 Bb7 5. O-O Nf6 6. a4 c6 7. b3 Be7 8. Bb2 Nbd7 9. Kh1 O-O 10. e3 a5 11. d3 Nb6 12. Nbd2 bxa4 13. bxa4 c5 14. Ne5 Qc7 15. g4 Ne8 16. g5 Nd6 17. Qh5 Nf5 18. Ng4 c4 19. Be5 Bd6 20. Bf6 Nd7 21. e4 dxe4 22. dxe4 Bxf4 23. Rf2 g6 24. exf5 Bxg2+ 25. Rxg2 Rfb8 26. Qh6 Nxf6 27. Nxf6+ Kh8 28. Qxh7# 1-0

[Event "December 12 Early 2023"]
[Site "https://www.chess.com"]
[Date "2023.12.12"]
[Round "4"]
[White "Banzea, Alexandru-Bogdan"]
[Black "Khismatullin, Denis"]
[Result "0-1"]
[Board "35"]
[TimeControl "180+1"]
[WhiteFideId "1232622"]
[BlackFideId "4142578"]
[WhiteElo "2607"]
[BlackElo "2976"]
[WhiteTeam "ROU"]
[BlackTeam "RUS"]
[WhiteClock "0:00:04"]
[BlackClock "0:00:22"]

1. d4 Nf6 2. Nc3 d5 3. Bf4 e6 4. Nb5 Na6 5. e3 c6 6. Nc3 Nc7 7. Nf3 Be7 8. Ne5 c5 9. dxc5 Bxc5 10. Bd3 Bd6 11. Qf3 Qe7 12. O-O-O a6 13. e4 O-O 14. Qh3 d4 15. Ne2 Nb5 16. g4 Qc7 17. Qg3 Qa5 18. Kb1 Qb4 19. Ka1 a5 20. Nc4 Bxf4 21. Qxf4 a4 22. a3 Qc5 23. g5 Nh5 24. Qg4 g6 25. e5 Nxa3 26. Nxa3 Rd8 27. Ng3 b5 28. Nxh5 b4 29. Nf6+ Kf8 30. Nc4 b3 31. Nxh7+ Ke7 32. Nf6 a3 33. cxb3 Qb4 34. Kb1 axb2 35. Qe2 Ra1+ 36. Kxb2 Qc3# 0-1

[Event "December 12 Early 2023"]
[Site "https://www.chess.com"]
[Date "2023.12.12"]
[Round "4"]
[White "Terry, Renato"]
[Black "Vlassov, Nikolai"]
[Result "1-0"]
[Board "36"]
[TimeControl "180+1"]
[WhiteFideId "3803457"]
[BlackFideId "4103360"]
[WhiteElo "2972"]
[BlackElo "2606"]
[WhiteTeam "PER"]
[BlackTeam "FID"]
[WhiteClock "0:00:05"]
[BlackClock "0:00:00"]

1. Nh3 e5 2. g3 h5 3. Bg2 h4 4. d3 d5 5. f4 Nc6 6. Nc3 Nf6 7. Nf2 hxg3 8. hxg3 Rxh1+ 9. Bxh1 Be6 10. e4 dxe4 11. Ncxe4 Qd7 12. Nxf6+ gxf6 13. Be3 O-O-O 14. Qd2 Bb4 15. c3 Ba5 16. b4 Bb6 17. Bxb6 axb6 18. O-O-O Bd5 19. Ne4 Bxe4 20. Bxe4 exf4 21. Qxf4 Qe7 22. Rf1 Rd6 23. d4 Kb8 24. Bc2 Re6 25. d5 Re1+ 26. Kb2 Rxf1 27. Qxf1 Ne5 28. Bb3 Qd6 29. Qb5 Nd7 30. Ba4 Ne5 31. Bc2 Nd7 32. Bf5 c6 33. dxc6 bxc6 34. Qa6 Qd2+ 35. Bc2 Kc7 36. Qa7+ Kd6 37. a4 Ne5 38. Qa6 Kd5 39. Kb3 Kd6 40. Qxb6 Qd5+ 41. c4 Qxc4+ 42. Kb2 Qd5 43. Qd8+ Nd7 44. Qa5 Qd4+ 45. Ka2 Qc3 46. Kb1 Qe1+ 47. Kb2 Ne5 48. Qd8+ Ke6 49. Qd4 Qe2 50. Kc3 Qe1+ 51. Kb2 Qxg3 52. a5 Qg2 53. a6 Qe2 54. a7 Qa6 55. Qc5 1-0

[Event "December 12 Early 2023"]
[Site "https://www.chess.com"]
[Date "2023.12.12"]
[Round "4"]
[White "Ivic, Velimir"]
[Black "Tao, Sihan"]
[Result "1-0"]
[Board "37"]
[TimeControl "180+1"]
[WhiteFideId "950122"]
[BlackFideId "30982677"]
[WhiteElo "2955"]
[BlackElo "2604"]
[WhiteTeam "SRB"]
[BlackTeam "USA"]
[WhiteClock "0:01:01"]
[BlackClock "0:00:16"]

1. e4 c5 2. Nf3 d6 3. Nc3 Nc6 4. Bb5 Bd7 5. O-O Nf6 6. Re1 e6 7. d4 cxd4 8. Nxd4 Rc8 9. Nxc6 Bxc6 10. Bxc6+ Rxc6 11. Be3 a6 12. a4 Be7 13. a5 O-O 14. Bd4 d5 15. e5 Nd7 16. Re3 Bc5 17. Ne2 Rc8 18. c3 Bxd4 19. Nxd4 Nb8 20. Ra4 Nc6 21. Nb3 d4 22. cxd4 Qd5 23. Rc3 Nxe5 24. h3 Rfd8 25. Qc2 Rxc3 26. bxc3 Nc6 27. Nc5 Ne7 28. Rb4 Nc6 29. Rxb7 Nxa5 30. Ra7 Rb8 31. Rxa6 Ra8 32. Qa4 Rxa6 33. Qe8# 1-0

[Event "December 12 Early 2023"]
[Site "https://www.chess.com"]
[Date "2023.12.12"]
[Round "4"]
[White "Chigaev, Maksim"]
[Black "Principe, Gerson"]
[Result "0-1"]
[Board "38"]
[TimeControl "180+1"]
[WhiteFideId "4108116"]
[BlackFideId "3804550"]
[WhiteElo "2928"]
[BlackElo "2600"]
[WhiteTeam "ESP"]
[BlackTeam "PER"]
[WhiteClock "0:00:06"]
[BlackClock "0:00:07"]

1. d4 Nf6 2. c4 e6 3. g4 Nxg4 4. e4 Qh4 5. Qe2 Nc6 6. Nf3 Qd8 7. h3 Nf6 8. e5 Ng8 9. Nc3 d6 10. Bd2 Nge7 11. exd6 cxd6 12. O-O-O d5 13. Rg1 h6 14. Kb1 g6 15. Bf4 a6 16. Qc2 Bg7 17. a3 Bd7 18. h4 dxc4 19. Bxc4 Rc8 20. d5 exd5 21. Bxd5 O-O 22. Rxg6 Nxg6 23. Qxg6 Ne7 24. Qg2 Nxd5 25. Rxd5 Rxc3 26. Bxh6 Qf6 27. bxc3 Bf5+ 28. Ka2 Be6 29. Bxg7 Qxg7 30. Qxg7+ Kxg7 31. c4 Bxd5 32. cxd5 Rd8 33. Kb3 Rxd5 34. Kc4 Rf5 35. Nd4 Rxf2 36. a4 b5+ 37. axb5 axb5+ 38. Nxb5 Rf4+ 39. Kd5 Rxh4 40. Nd6 Rh5+ 41. Ke4 Ra5 42. Kf4 Kg6 43. Nc8 Ra4+ 44. Ke5 f6+ 45. Kd5 f5 46. Nb6 Ra1 47. Nc4 Kg5 48. Kd4 Kg4 49. Ne3+ Kg5 50. Nd5 Rd1+ 51. Ke5 Rxd5+ 52. Kxd5 Kg4 53. Kd4 Kg3 54. Kd3 f4 55. Ke2 Kg2 0-1

[Event "December 12 Early 2023"]
[Site "https://www.chess.com"]
[Date "2023.12.12"]
[Round "4"]
[White "Al-Tarboush, Ward"]
[Black "Kamsky, Gata"]
[Result "1-0"]
[Board "39"]
[TimeControl "180+1"]
[WhiteFideId "7601450"]
[BlackFideId "2000024"]
[WhiteElo "2600"]
[BlackElo "2912"]
[WhiteTeam "NOR"]
[BlackTeam "USA"]
[WhiteClock "0:00:12"]
[BlackClock "0:00:00"]

1. e4 g6 2. d4 Bg7 3. Nc3 d6 4. Be3 a6 5. Qd2 b5 6. h4 h5 7. Nf3 Nf6 8. Ng5 Ng4 9. a4 b4 10. Nd5 a5 11. Bc4 e6 12. f3 Nxe3 13. Nxe3 Qf6 14. O-O-O Nc6 15. Bb5 Bd7 16. e5 dxe5 17. dxe5 Qe7 18. Qxd7+ Qxd7 19. Rxd7 Kxd7 20. Rd1+ Ke7 21. Bxc6 Rad8 22. f4 Rxd1+ 23. Kxd1 Rd8+ 24. Ke2 f6 25. Nf3 fxe5 26. fxe5 Bh6 27. Nc4 Rf8 28. Nxa5 Rf4 29. b3 Rg4 30. Kf1 Be3 31. Nc4 Ba7 32. a5 Rf4 33. a6 Rf8 34. Bb7 Kd7 35. Na5 c5 36. Nc6 Bb6 37. a7 Bxa7 38. Nxa7 Kc7 39. Be4 Kb6 40. Nc6 Rf4 41. Bxg6 Kxc6 42. Bxh5 c4 43. bxc4 Rxc4 44. Bg6 Kd7 45. h5 Ke7 46. h6 Kf8 47. Bd3 Rg4 48. Kf2 Kg8 49. g3 Kh8 50. Nh4 Rg5 51. h7 Kg7 52. Kf3 Kh8 53. Kf4 Rg7 54. g4 Rf7+ 55. Kg5 Kg7 56. Be4 Rf2 57. Kh5 Re2 58. Bd3 Rh2 59. g5 Rh1 60. g6 Rh3 61. Kg4 Rh1 62. Nf3 1-0

[Event "December 12 Early 2023"]
[Site "https://www.chess.com"]
[Date "2023.12.12"]
[Round "4"]
[White "Durarbayli, Vasif"]
[Black "Lund, Gunnar"]
[Result "0-1"]
[Board "40"]
[TimeControl "180+1"]
[WhiteFideId "13402935"]
[BlackFideId "1520814"]
[WhiteElo "2910"]
[BlackElo "2599"]
[WhiteTeam "AZE"]
[BlackTeam "NOR"]
[WhiteClock "0:00:02"]
[BlackClock "0:00:16"]

1. c4 d6 2. Nc3 e5 3. d4 exd4 4. Qxd4 Nc6 5. Qd2 g6 6. b3 Bg7 7. Bb2 Nge7 8. h4 Rg8 9. h5 Be6 10. Nf3 Qd7 11. Ng5 O-O-O 12. h6 Bxc3 13. Bxc3 d5 14. Nxh7 d4 15. Bb2 Rh8 16. Nf6 Qd6 17. e4 Qe5 18. Nd5 Nxd5 19. cxd5 Qxe4+ 20. Qe2 Qxd5 21. O-O-O Nb4 22. Bxd4 Bf5 23. Bxh8 Qc5+ 24. Kb2 Rxh8 25. Rh4 Nd3+ 26. Rxd3 Bxd3 27. Qg4+ Bf5 28. Qd4 Qxd4+ 29. Rxd4 Rxh6 30. Bc4 Rh2 31. Bd5 c6 32. Bf3 Rh1 33. g4 Rf1 34. Rd2 Be6 35. Kc3 Kc7 36. Kd3 Rg1 37. Ke3 Bxg4 38. Be4 Re1+ 39. Kf4 Be6 40. f3 Rh1 41. Kg5 Re1 42. Kf6 Re3 43. Rh2 Bd5 44. Bxd5 cxd5 45. f4 Rf3 46. Rh4 Kd6 47. Kxf7 g5 48. Rh6+ Kc5 49. Ke6 Rxf4 50. Rh7 Re4+ 51. Kf5 Kc6 52. Kxg5 Re2 53. a4 Re3 54. b4 Ra3 55. b5+ Kb6 56. Rh4 Kc5 57. Kf5 Re3 58. Rh7 Re4 59. Rxb7 Rxa4 60. Ke5 Re4+ 61. Kf5 Re1 62. Rxa7 Kxb5 63. Rc7 d4 64. Kf4 Kb4 65. Kf3 d3 66. Rd7 Kc3 67. Rc7+ Kd2 68. Kf2 Re2+ 69. Kf3 Re8 70. Kf2 Rf8+ 71. Kg2 Kd1 72. Rd7 d2 73. Rc7 Rf5 74. Kg3 Ke2 75. Re7+ Kd3 76. Rd7+ Ke3 77. Re7+ Kd4 78. Kg4 Rd5 0-1

[Event "December 12 Early 2023"]
[Site "https://www.chess.com"]
[Date "2023.12.12"]
[Round "4"]
[White "Shubenkova, Veronika"]
[Black "Maksimovic, Bojan"]
[Result "0-1"]
[Board "41"]
[TimeControl "180+1"]
[WhiteFideId "44124040"]
[BlackFideId "14408120"]
[WhiteElo "2595"]
[BlackElo "2905"]
[WhiteTeam "RUS"]
[BlackTeam "BIH"]
[WhiteClock "0:00:03"]
[BlackClock "0:01:02"]

1. d4 a6 2. e3 c5 3. f4 cxd4 4. exd4 b5 5. Nf3 Bb7 6. c3 Nf6 7. Bd3 e6 8. O-O Be7 9. Qe2 O-O 10. Nbd2 Nc6 11. Ne4 Nxe4 12. Bxe4 f5 13. Bd3 Na5 14. Ne5 Bd5 15. Bd2 Qc7 16. a3 Rac8 17. Rae1 Nc4 18. Nxc4 bxc4 19. Bc2 Rb8 20. Bc1 g6 21. Qf2 Kh8 22. Re3 Rg8 23. Rh3 Rg7 24. Bd1 Be4 25. Bf3 d5 26. Bxe4 fxe4 27. Qe2 Rf8 28. Qg4 Rf5 29. Qe2 Bd6 30. Qg4 Rgf7 31. Qxg6 Qe7 32. Qh6 Rg7 33. Kh1 Qf7 34. Rg1 Rg4 35. Rg3 Rxg3 36. hxg3 Rh5+ 37. Qxh5 Qxh5# 0-1

[Event "December 12 Early 2023"]
[Site "https://www.chess.com"]
[Date "2023.12.12"]
[Round "4"]
[White "Indjic, Aleksandar"]
[Black "Manukian, Artak"]
[Result "1-0"]
[Board "42"]
[TimeControl "180+1"]
[WhiteFideId "911925"]
[BlackFideId "13301373"]
[WhiteElo "2904"]
[BlackElo "2595"]
[WhiteTeam "SRB"]
[BlackTeam "ARM"]
[WhiteClock "0:02:26"]
[BlackClock "0:01:58"]

1. d4 d5 2. c4 dxc4 3. Nf3 Nf6 4. Qa4+ Nbd7 5. Nc3 c5 6. dxc5 e6 7. c6 bxc6 8. Qxc4 c5 9. e4 Bb7 10. Bf4 Be7 11. O-O-O Qa5 12. Qb5 Qxb5 13. Bxb5 a6 14. Ba4 Bc8 15. Ne5 Ra7 16. g4 h6 17. h4 O-O 18. Nc6 1-0

[Event "December 12 Early 2023"]
[Site "https://www.chess.com"]
[Date "2023.12.12"]
[Round "4"]
[White "Saravana, Krishnan P."]
[Black "Rasulov, Vugar"]
[Result "1-0"]
[Board "43"]
[TimeControl "180+1"]
[WhiteFideId "5018382"]
[BlackFideId "13402390"]
[WhiteElo "2586"]
[BlackElo "2902"]
[WhiteTeam "IND"]
[BlackTeam "AZE"]
[WhiteClock "0:00:45"]
[BlackClock "0:00:00"]

1. e4 c5 2. Nf3 e6 3. d4 cxd4 4. Nxd4 a6 5. Bd3 Bc5 6. Nb3 Ba7 7. Qe2 d6 8. Be3 Nf6 9. Nc3 O-O 10. O-O b5 11. Bxa7 Rxa7 12. f4 b4 13. Qf2 Nc6 14. Ne2 Rc7 15. Kh1 a5 16. Qh4 e5 17. Nd2 Ng4 18. Qg3 exf4 19. Nxf4 Nge5 20. Nd5 Ra7 21. Nc4 f6 22. Nce3 Be6 23. Nf4 Bc8 24. Rad1 Kh8 25. Bc4 g5 26. Ne6 Bxe6 27. Bxe6 a4 28. Nf5 Qe8 29. Rxd6 a3 30. bxa3 Rxa3 31. Bb3 Na5 32. Rfd1 Nxb3 33. axb3 Ng6 34. Qd3 Ra5 35. Rd8 Qf7 36. Rd7 Qg8 37. Qd4 Re5 38. Qxb4 Rfe8 39. Nd6 R8e7 40. Rd8 Nf8 41. Nf5 Re8 42. Rxe8 Rxe8 43. Qc3 Qe6 44. Rd6 Qe5 45. Qxe5 Rxe5 46. Rd4 Kg8 47. b4 Ne6 48. Rc4 Nf4 49. g3 Nh3 50. Kg2 g4 51. Nh6+ Kg7 52. Nxg4 Rh5 53. Rc7+ Kg6 54. Rc6 Ng5 55. Nxf6 1-0

[Event "December 12 Early 2023"]
[Site "https://www.chess.com"]
[Date "2023.12.12"]
[Round "4"]
[White "Ashraf, Artin"]
[Black "Vestby-Ellingsen, Mads"]
[Result "1-0"]
[Board "44"]
[TimeControl "180+1"]
[WhiteFideId "22514805"]
[BlackFideId "1520857"]
[WhiteElo "2892"]
[BlackElo "2585"]
[WhiteTeam "IRI"]
[BlackTeam "NOR"]
[WhiteClock "0:01:51"]
[BlackClock "0:01:29"]

1. e4 e5 2. Nf3 Nc6 3. Bb5 g6 4. c3 Bg7 5. d4 exd4 6. cxd4 a6 7. Ba4 b5 8. Bb3 d6 9. h3 Nge7 10. O-O O-O 11. Nc3 Na5 12. Bg5 h6 13. Bh4 Nxb3 14. Qxb3 Bb7 15. Rad1 Qd7 16. Rfe1 Nc6 17. Nd5 Na5 18. Qc3 Nc4 19. Nf6+ Kh8 20. Nxd7 1-0

[Event "December 12 Early 2023"]
[Site "https://www.chess.com"]
[Date "2023.12.12"]
[Round "4"]
[White "Galchenko, Matvey"]
[Black "Kuzmin, Roman"]
[Result "1-0"]
[Board "45"]
[TimeControl "180+1"]
[WhiteFideId "24175480"]
[BlackFideId "44134932"]
[WhiteElo "2887"]
[BlackElo "2584"]
[WhiteTeam "FID"]
[BlackTeam "RUS"]
[WhiteClock "0:00:14"]
[BlackClock "0:00:00"]

1. e4 c5 2. c3 d5 3. exd5 Qxd5 4. d4 Nc6 5. Nf3 Nf6 6. dxc5 Qxd1+ 7. Kxd1 Bf5 8. Be3 e5 9. Bb5 O-O-O+ 10. Kc1 Nd5 11. Bxc6 bxc6 12. b4 f6 13. Kb2 g5 14. h3 Be7 15. Nbd2 h5 16. Nc4 Bd3 17. Na5 Kc7 18. Rae1 g4 19. hxg4 hxg4 20. Nd2 f5 21. Ndc4 Bf6 22. Kb3 f4 23. Bd2 e4 24. Nd6 e3 25. fxe3 fxe3 26. Bc1 Bxc3 27. Rxh8 Rxh8 28. Rxe3 Nxe3 29. Bxe3 Be1 30. Bf4 Rf8 31. Ndc4+ Kd7 32. Ne5+ Ke6 33. Nxd3 Kd5 34. Bd6 Re8 35. Nf4+ 1-0

[Event "December 12 Early 2023"]
[Site "https://www.chess.com"]
[Date "2023.12.12"]
[Round "4"]
[White "Rakhmanov, Aleksandr"]
[Black "Assylov, Miras"]
[Result "0-1"]
[Board "46"]
[TimeControl "180+1"]
[WhiteFideId "4173708"]
[BlackFideId "13728873"]
[WhiteElo "2879"]
[BlackElo "2584"]
[WhiteTeam "FID"]
[BlackTeam "KAZ"]
[WhiteClock "0:00:11"]
[BlackClock "0:00:09"]

1. d4 Nf6 2. Nf3 g6 3. g3 Bg7 4. Bg2 O-O 5. O-O d6 6. Re1 Nbd7 7. e4 e5 8. Nc3 c6 9. h3 Qe7 10. a4 a5 11. Bg5 h6 12. Be3 b6 13. Qd2 Kh7 14. Rad1 Bb7 15. b3 Rad8 16. Nh2 Rfe8 17. Nf3 Qf8 18. dxe5 dxe5 19. Qd6 Qxd6 20. Rxd6 Bf8 21. Rd3 Ba6 22. Rdd1 Bb4 23. Bd2 Nc5 24. Nb1 Ncxe4 25. Bxb4 Rxd1 26. Rxd1 axb4 27. Bf1 Bxf1 28. Kxf1 Kg7 29. Ke1 Nd5 30. Ng1 f5 31. Ne2 Ng5 32. h4 Nf3+ 33. Kf1 e4 34. Nd2 Nh2+ 35. Kg1 Ng4 36. Nc4 Ne5 37. Nxe5 Rxe5 38. Nd4 Ne7 39. Kf1 Rd5 40. Ke2 Kf6 41. f4 exf3+ 42. Nxf3 Rxd1 43. Kxd1 Nd5 44. Ke2 g5 45. hxg5+ hxg5 46. Nd4 c5 47. Nc6 Nc3+ 48. Kf3 Ne4 49. Na7 Nd6 50. Nc6 Ke6 51. Ke3 Kd5 52. Ne7+ Ke6 53. Nc6 Ne4 54. g4 Nd6 55. gxf5+ Nxf5+ 56. Ke4 Nd6+ 57. Kf3 Nf5 58. Ke4 g4 59. Nd8+ Kd7 60. Nf7 Nd6+ 61. Kf4 Nxf7 62. Kxg4 Nd6 63. Kf4 Ke6 64. Ke3 Kd5 65. Kd3 Nb7 66. c3 Na5 67. cxb4 cxb4 68. Kc2 Kd4 69. Kb2 Kd3 70. Ka2 Kc3 71. Kb1 Kxb3 72. Ka1 Nc4 73. Kb1 Kxa4 74. Ka1 b3 75. Kb1 Kb4 76. Ka1 Kc3 77. Kb1 Nd2+ 78. Ka1 b2+ 79. Ka2 b1=Q+ 80. Ka3 Qb3# 0-1